 Dungeon Crawl Stone Soup version 0.21-a0-352-g5b8f553 (webtiles) character file.

39 tidbits the Charmwright (level 3, -2/31 HPs)
             Began as a Gnoll Skald on Oct 10, 2017.
             Slain by a centaur (4 damage)
             ... on level 7 of the Dungeon.
             The game lasted 00:02:48 (631 turns).

tidbits the Charmwright (Gnoll Skald)                Turns: 631, Time: 00:02:49

Health: -2/31      AC:  5    Str: 13    XL:     3   Next: 47%
Magic:  1/9        EV: 12    Int: 16    God:
Gold:   137        SH:  0    Dex: 14    Spells: 1/12 levels left

rFire    . . .     SeeInvis .   a - +0 hand axe
rCold    . . .     Gourm    .   (no shield)
rNeg     . . .     Faith    .   B - +0 ring mail
rPois    .         Spirit   .   (no helmet)
rElec    .         Reflect  .   (no cloak)
rCorr    .         Harm     .   (no gloves)
MR       .....                  (no boots)
Stlth    +.........             (no amulet)
HPRegen  0.10/turn              (no ring)
MPRegen  0.11/turn              (no ring)

@: infused
A: distributed training, fangs 1, strong nose
a: no special abilities


You were on level 7 of the Dungeon.
You were not hungry.

You visited 1 branch of the dungeon, and saw 7 of its levels.

You collected 137 gold pieces.

Inventory:

Hand Weapons
 a - a +0 hand axe (weapon)
 e - a +0 mace
Armour
 b - a +0 leather armour
 B - a +0 ring mail (worn)
Scrolls
 k - 2 scrolls of remove curse {unknown}
 l - a scroll of teleportation {unknown}
 m - a scroll of amnesia {unknown}
Potions
 g - a potion of flight {unknown}
 j - 2 potions of cancellation {unknown}
Books
 c - a book of Battle

   Spells                             Type                      Level
   a - Infusion                       Charms                       1
   b - Shroud of Golubria             Charms/Translocation         2
   c - Song of Slaying                Charms                       2
   d - Spectral Weapon                Hexes/Charms                 3
   e - Regeneration                   Charms/Necromancy            3
Comestibles
 d - 2 bread rations
 f - 2 royal jellies
 h - a meat ration
 i - a fruit


   Skills:
 + Level 4.5 Fighting
 + Level 0.8 Short Blades
 + Level 0.8 Long Blades
 + Level 4.5 Axes
 + Level 0.8 Maces & Flails
 + Level 0.8 Polearms
 + Level 0.8 Staves
 + Level 0.8 Slings
 + Level 0.8 Bows
 + Level 0.8 Crossbows
 + Level 0.8 Throwing
 + Level 2.6 Armour
 + Level 4.5 Dodging
 + Level 0.8 Stealth
 + Level 0.8 Shields
 + Level 0.8 Unarmed Combat
 + Level 5.0 Spellcasting
 + Level 0.8 Conjurations
 + Level 0.8 Hexes
 + Level 6.5 Charms
 + Level 0.8 Summonings
 + Level 0.8 Necromancy
 + Level 0.8 Translocations
 + Level 0.8 Transmutations
 + Level 0.8 Fire Magic
 + Level 0.8 Ice Magic
 + Level 0.8 Air Magic
 + Level 0.8 Earth Magic
 + Level 0.8 Poison Magic
 + Level 0.8 Invocations
 + Level 0.8 Evocations


You had one spell level left.
You knew the following spells:

 Your Spells              Type           Power        Failure   Level  Hunger
g - Shroud of Golubria    Chrm/Tloc      ###.......   11%         2    #......
i - Infusion              Chrm           ###.         1%          1    None
r - Regeneration          Chrm/Necr      ###.......   21%         3    ###....
w - Spectral Weapon       Hex/Chrm       ###.....     21%         3    ###....
y - Song of Slaying       Chrm           ###.....     3%          2    #......


Dungeon Overview and Level Annotations

Branches:
Dungeon (7/15)
 Temple: D:4-7

Altars:


Innate Abilities, Weirdness & Mutations

Your experience applies equally to all skills.
You have very sharp teeth.
Your uncanny sense of smell can sniff out nearby items.


Message History

You closely miss the leopard gecko skeleton.
The leopard gecko skeleton is severely damaged.
The leopard gecko skeleton barely misses you.
You hit the leopard gecko skeleton!
You destroy the leopard gecko skeleton!
You now have 119 gold pieces (gained 9).
There is a stone staircase leading down here.
You climb downwards.
There is a stone staircase leading up here.
You open the door.
There is an open door here.
An orc and a skeleton come into view.
The orc shouts!
The orc misses you.
Casting: Infusion
Confirm with . or Enter, or press ? or * to list all spells.
Okay, then.
You hit the orc!
You kill the orc!
You hit the ball python skeleton!
You destroy the ball python skeleton!
No target in view!
No target in view!
Things that are here:
a dagger; an orc corpse Your magical infusion is running out.
Found a centaur barding.
You are no longer magically infusing your attacks.
You open the door.
There is an open door here.
Found a stone staircase leading down.
You open the door.
Found 9 gold pieces.
There is an open door here.
You now have 128 gold pieces (gained 9).
There is a stone staircase leading down here.
You climb downwards.
Found a chain mail.
There is a stone staircase leading up here.
Found 9 gold pieces.
You now have 137 gold pieces (gained 9).
Found a stone staircase leading down.
There is a stone staircase leading down here.
You climb downwards. 3 orcs, an orc wizard and a centaur come into view.
The centaur shouts!
The orc shouts! x2
Found 16 sling bullets, a hardcover book and 25 stones.
Found a stone staircase leading down.
There is a stone staircase leading up here.
Casting: Infusion
Confirm with . or Enter, or press ? or * to list all spells.
You begin infusing your attacks with magical energy.
The orc shouts!
The orc closely misses you.
An adder zombie comes into view.
You hit the orc. Your bite misses the orc.
The orc is heavily wounded.
Your ring mail prevents you from hitting the orc.
You hit the orc!
You kill the orc!
The centaur wields a shortbow.
The centaur shoots an arrow.
The arrow hits you! The orc hits you with a hand axe.
The orc barely misses you.
You barely miss the orc. Your bite misses the orc.
The orc is heavily wounded.
You barely miss the orc.
The orc wizard hits you but does no damage.
The orc hits you but does no damage. The orc hits you with a hand axe.
* * * LOW HITPOINT WARNING * * *
You are too injured to fight recklessly!
You are too injured to fight recklessly!
You are too injured to fight recklessly!
You are too injured to fight recklessly!
You are too injured to fight recklessly!
Unknown command.
You hit the orc wizard!
The orc wizard is severely wounded.
You hit the orc!
You kill the orc!
You hit the orc!
You kill the orc!
The orc wizard hits you with a dagger.
* * * LOW HITPOINT WARNING * * *
You closely miss the orc wizard.
The orc wizard is severely wounded.
You hit the centaur.
The centaur unwields an uncursed shortbow.
The centaur hits you.
* * * LOW HITPOINT WARNING * * *
The centaur hits you but does no damage.
The orc wizard hits you but does no damage.
You hit the centaur.
The centaur is heavily wounded.
You completely miss the orc wizard. The centaur hits you.
* * * LOW HITPOINT WARNING * * *
The orc wizard hits you but does no damage.
You completely miss the centaur.
The centaur is heavily wounded.
You closely miss the orc wizard. You closely miss the adder zombie.
The centaur hits you.
You die...

.... ∆ . ..(###
.. .....# ..:
....# #
....##...##.##
.............##
(......)c......
#...Z@o....#
####...##.... ∆
#...# # #..>#
##..# ##.# .#
.#


You could see a centaur, an orc wizard and an adder zombie.

Vanquished Creatures
  A worm (D:3)
  A leopard gecko (D:4)
  4 orcs
  2 goblins
  4 hobgoblins
  5 kobolds
  2 quokkas
  2 ball pythons (D:1)
  A ball python skeleton (D:5)
  4 bats
  A leopard gecko skeleton (D:4)
  A rat (D:1)
28 creatures vanquished.

Notes
Turn   | Place    | Note
-------+----------+-------------------------------------------
     0 | D:1      | tidbits the Gnoll Skald began the quest for the Orb.
     0 | D:1      | Reached XP level 1. HP: 20/20 MP: 6/6
   117 | D:1      | Reached XP level 2. HP: 19/26 MP: 3/7
   127 | D:1      | Learned a level 2 spell: Song of Slaying
   130 | D:1      | Learned a level 2 spell: Shroud of Golubria
   403 | D:3      | Reached skill level 5 in Spellcasting
   403 | D:3      | Reached XP level 3. HP: 31/31 MP: 0/9
   408 | D:3      | Learned a level 3 spell: Regeneration
   412 | D:3      | Learned a level 3 spell: Spectral Weapon
   550 | D:5      | Entered Level 5 of the Dungeon
   624 | D:7      | Noticed a centaur
   630 | D:7      | HP: 2/31 [centaur (5)]
   631 | D:7      | Slain by a centaur

Vault maps used:
D:1:      minmay_arrival_three_doors
D:3:      xom_teletrap_fun, ashenzari_altar_1
D:4:      first_bread, uniq_edmund
D:5:      hex_medium, corexii_hall_statues_i, uniq_grinder,
          uniq_crazy_yiuf_cottage, uniq_blork_the_orc
D:6:      basic_altar, bloody_makhleb
D:7:      minmay_temple_entry_enclosed_plants, grunt_ogre_cave

Skill      XL: |  1  2 |
---------------+-------+-----
Spellcasting   | 5 |  5.0
Fighting       | |  4.5
Short Blades   | |  0.8
Long Blades    | |  0.8
Axes           | |  4.5
Maces & Flails | |  0.8
Polearms       | |  0.8
Staves         | |  0.8
Slings         | |  0.8
Bows           | |  0.8
Crossbows      | |  0.8
Throwing       | |  0.8
Armour         | |  2.6
Dodging        | |  4.5
Stealth        | |  0.8
Shields        | |  0.8
Unarmed Combat | |  0.8
Conjurations   | |  0.8
Hexes          | |  0.8
Charms         | |  6.5
Summonings     | |  0.8
Necromancy     | |  0.8
Translocations | |  0.8
Transmutations | |  0.8
Fire Magic     | |  0.8
Ice Magic      | |  0.8
Air Magic      | |  0.8
Earth Magic    | |  0.8
Poison Magic   | |  0.8
Invocations    | |  0.8
Evocations     | |  0.8

Action                   || total
-------------------------++-------
Melee: Hand axe          ||    66
       Bite              ||     4
 Cast: Infusion          ||    11
Armor: Leather armour    ||     4
       Ring mail         ||    31
Dodge: Dodged            ||    42

Table legend:
 A = Spawn XP
 B = Non-spawn XP
 C = Spawn XP percentage of total XP
 D = Spawn monster count
 E = Non-spawn monster count
 F = Spawn count percentage of total count
 G = Total turns spent on level
                    A         B        C        D         E        F      G
               +---------+---------+-------+---------+---------+-------+---------
         Total |       0 |      57 |   0.0 |       0 |      28 |   0.0 |   631
               +---------+---------+-------+---------+---------+-------+---------
           D:1 |       0 |      20 |   0.0 |       0 |      12 |   0.0 |   309
           D:2 |       0 |       8 |   0.0 |       0 |       4 |   0.0 |    81
           D:3 |       0 |      10 |   0.0 |       0 |       4 |   0.0 |    47
           D:4 |       0 |       6 |   0.0 |       0 |       3 |   0.0 |   113
           D:5 |       0 |       4 |   0.0 |       0 |       2 |   0.0 |    51
           D:7 |       0 |       9 |   0.0 |       0 |       3 |   0.0 |     7
               +---------+---------+-------+---------+---------+-------+---------

Table legend:
 A = Turns spent in this place as a percentage of turns spent in the entire game.
 B = Non-inter-level travel turns spent in this place as a percentage of non-inter-level travel turns spent in the entire game.
 C = Inter-level travel turns spent in this place as a percentage of turns spent in this place.
 D = Turns resting spent in this place as a percentage of non-inter-level travel turns spent in this place.
 E = Turns spent auto-exploring this place as a percentage of non-inter-level travel turns spent in this place.
 F = Non-inter-level travel turns spent in this place divided by the number of levels of this place that you've seen.
                   A       B       C       D       E      F
               +-------+-------+-------+-------+-------+----------------------
         Total | 100.0 | 100.0 |   2.9 |   0.0 |   0.0 |  87.6
       Dungeon | 100.0 | 100.0 |   2.9 |   0.0 |   0.0 |  87.6
               +-------+-------+-------+-------+-------+----------------------

Table legend:
 A = Kills in this place as a percentage of kills in entire the game.
 B = Kills by you in this place as a percentage of kills by you in the entire game.
 C = Kills by friends in this place as a percentage of kills by friends in the entire game.
 D = Other kills in this place as a percentage of other kills in the entire game.
 E = Experience gained in this place as a percentage of experience gained in the entire game.
 F = Experience gained in this place divided by the number of levels of this place that you have seen.
                   A       B       C       D       E      F
               +-------+-------+-------+-------+-------+----------------------
         Total | 100.0 | 100.0 |   N/A |   N/A | 100.0 |   8.1
       Dungeon | 100.0 | 100.0 |   N/A |   N/A | 100.0 |   8.1
               +-------+-------+-------+-------+-------+----------------------

Vault maps used:
D:1:      minmay_arrival_three_doors
D:3:      xom_teletrap_fun, ashenzari_altar_1
D:4:      first_bread, uniq_edmund
D:5:      hex_medium, corexii_hall_statues_i, uniq_grinder,
          uniq_crazy_yiuf_cottage, uniq_blork_the_orc
D:6:      basic_altar, bloody_makhleb
D:7:      minmay_temple_entry_enclosed_plants, grunt_ogre_cave
